AoeStats
← 一剑扫秋风nelson

MegaRandom

505204015Analyzed
3v3 RM · 25d ago on Sep 8, 2026· 33m 25s· 6 players
Game mode
Random Map
Map size
Normal (6 player)
Population
200
Speed
Normal
Resources
Standard
Victory
Conquest
Starting age
Dark Age
Ending age
Imperial Age
RankedLock teamsTeams togetherTeam positionsShared explorationLock speedFull tech treeHidden civsTurbo modeCheats
Victory
Defeat
🇺🇦 Jurchens · Ukraine
1905
+15
🇨🇳 Khitans · China
1859
+17
🇫🇷 Berbers · France
1780
+20
🇻🇳 Teutons · Vietnam
2023
-22
🇻🇳 Tupi · Vietnam
1869
-17
🇻🇳 Poles · Vietnam
1762
-13
Mr.Bean
7:23 Loom
9:49 Feudal Age
10:36 Double-Bit Axe
14:33 Fletching
23:05 Castle Age
24:34 Bow Saw
29:58 Sanctity
30:56 Bodkin Arrow
31:56 Horse Collar
32:56 Wheelbarrow
32:44 Pikeman
33:24 Squires
Đam Mê Game
7:51 Loom
10:30 Feudal Age
11:49 Double-Bit Axe
22:32 Castle Age
21:43 Gold Mining
23:25 Medium Warships
23:50 Bow Saw
23:51 Fletching
25:20 Bodkin Arrow
29:17 Padded Archer Armor
32:08 Horse Collar
DL-ĐệNhị
11:14 Feudal Age
10:31 Loom
12:55 Double-Bit Axe
15:16 Castle Age
13:18 Gold Mining
16:15 Medium Warships
18:27 Bow Saw
24:35 Clinker Construction
26:25 Forging
26:59 Pikeman
scorpion145
9:37 Loom
11:51 Feudal Age
13:19 Double-Bit Axe
15:48 Castle Age
16:46 Medium Warships
17:02 Bow Saw
17:17 Fletching
17:58 Bodkin Arrow
19:42 Fishing Lines
20:39 Gillnets
22:29 Wheelbarrow
23:32 Horse Collar
26:21 Gold Mining
31:34 Imperial Age
29:20 Hand Cart
29:17 Bloodlines
29:52 Gold Shaft Mining
30:07 Scale Barding Armor
30:38 Husbandry
31:21 Chain Barding Armor
32:12 Heavy Plow
31:37 Cavalier
33:27 Forging
33:59 Plate Barding Armor
一剑扫秋风nelson
10:35 Feudal Age
9:23 Loom
11:17 Double-Bit Axe
13:17 Forging
13:00 Domestication
16:02 Scale Barding Armor
22:00 Castle Age
20:23 Gold Mining
22:05 Light Cavalry
25:11 Iron Casting
26:06 Chain Barding Armor
26:40 Husbandry
28:26 Wheelbarrow
31:36 Hand Cart
35:39 Imperial Age
SalzZ_classicpro
7:41 Loom
9:58 Feudal Age
10:33 Double-Bit Axe
15:45 Fletching
21:53 Castle Age
22:45 Medium Warships
23:23 Bodkin Arrow
23:42 Bow Saw
26:22 Horse Collar
27:16 Siphons
30:37 Ballistics
33:21 Wheelbarrow
Connection lost

Rejoining the realm…

Still unreachable

The connection could not be restored.

Session expired

The server has moved on; the page needs a fresh start.